 Dungeon Crawl Stone Soup version 0.27.1-33-g824d729ab1 (webtiles) character file.

Game seed: 16832305177658522179

127 zeram the Sneak (level 5, 0/31 HPs)
             Began as an Octopode Enchanter on Dec 12, 2021.
             Slain by a giant cockroach (1 damage)
             ... on level 4 of the Dungeon.
             The game lasted 00:04:51 (3180 turns).

zeram the Sneak (Octopode Enchanter)                Turns: 3180, Time: 00:04:52

Health: 0/31       AC:  1    Str:  7    XL:     5   Next: 11%
Magic:  8/8        EV: 13    Int: 19    God:
Gold:   167        SH:  4    Dex: 12    Spells: 2/8 levels left

rFire    . . .     SeeInvis .   d - +2 dagger (speed)
rCold    . . .     Faith    .   c - +0 buckler
rNeg     . . .     Spirit   .   (helmet restricted)
rPois    .         Reflect  .   (no amulet)
rElec    .         Harm     .   (no ring)
rCorr    .         Rampage  .   (no ring)
Will     .....                  (no ring)
Stlth    ++++......             (no ring)
HPRegen  0.10/turn              (no ring)
MPRegen  0.11/turn              (no ring)
                                (no ring)
                                (no ring)

@: hasted, very quick
A: almost no armour, amphibious, 8 rings, camouflage 1, gelatinous body 1,
(nimble swimmer 1), tentacles
a: no special abilities


You were on level 4 of the Dungeon.
You visited 1 branch of the dungeon, and saw 4 of its levels.

You collected 167 gold pieces.

Inventory:

Hand Weapons
 a - a +1 dagger
 d - a +2 dagger of speed (weapon)
Armour
 c - a +0 buckler (worn)
Jewellery
 f - an amulet of faith
Scrolls
 h - a scroll of amnesia {unknown}
 i - a scroll of brand weapon {unknown}
 j - a scroll of enchant armour {unknown}
 k - a scroll of enchant weapon {unknown}
Potions
 g - a potion of haste


   Skills:
 - Level 1.0 Short Blades
 - Level 2.1 Dodging
 - Level 5.0 Stealth
 * Level 3.0 Shields
 - Level 2.0 Spellcasting
 - Level 4.0 Hexes


You had 2 spell levels left.
You knew the following spells:

 Your Spells              Type           Power      Damage    Failure   Level
a - Corona                Hex            18%        N/A       3%          1
b - Ensorcelled Hibernat  Hex/Ice        18%        N/A       12%         2
c - Tukima's Dance        Hex            17%        N/A       11%         3

Your spell library contained the following spells:

 Spells                   Type           Power      Damage    Failure   Level
 Confusing Touch          Hex            17%        N/A       11%         3
 Dazzling Flash           Conj/Hex       18%        N/A       24%         3


Dungeon Overview and Level Annotations

Branches:
Dungeon (4/15)
 Temple: D:4-7

Altars:
Elyvilon
Ru
Wu Jian
Xom


Innate Abilities, Weirdness & Mutations

You cannot wear most types of armour.
You are amphibious.
You can wear up to eight rings at the same time.
Your skin changes colour to match your surroundings (Stealth+).
Your rubbery body absorbs attacks. (AC +1, EV +1)
((You are camouflaged near water. (Stealth+)))
You have tentacles for arms and can constrict up to eight enemies at once.


Message History

The kobold brigand is moderately wounded.
You constrict the kobold brigand. The giant cockroach bites you.
You hit the kobold brigand.
You squeeze the kobold brigand, but do no damage.
The kobold brigand is heavily wounded.
You constrict the kobold brigand.
The kobold brigand hits you with a +0 dagger.
You hit the kobold brigand. Your squeeze misses the kobold brigand.
The kobold brigand is heavily wounded.
You constrict the kobold brigand, but do no damage.
The giant cockroach closely misses you.
The kobold brigand hits you with a +0 dagger!
* * * LOW HITPOINT WARNING * * *
Unknown command.
It was a potion of haste.
You feel yourself speed up.
You constrict the kobold brigand.
The giant cockroach bites you but does no damage.
The kobold brigand hits you with a +0 dagger!
* * * LOW HITPOINT WARNING * * *
You feel better.
You constrict the kobold brigand. The giant cockroach bites you.
You hit the kobold brigand but do no damage.
The kobold brigand is severely wounded.
You constrict the kobold brigand. The giant cockroach bites you.
* * * LOW HITPOINT WARNING * * *
You block the kobold brigand's attack.
Unknown command.
You hit the kobold brigand.
The kobold brigand is severely wounded.
You constrict the kobold brigand, but do no damage.
You hit the kobold brigand but do no damage.
The kobold brigand is severely wounded.
You constrict the kobold brigand. The giant cockroach bites you.
* * * LOW HITPOINT WARNING * * *
The kobold brigand hits you with a +0 dagger.
* * * LOW HITPOINT WARNING * * *
Unknown command.
It was a potion of magic.
Magic courses through your body.
You constrict the kobold brigand. The giant cockroach bites you.
You die...

..... #..... ..
....#......... #..
....#.......# #.#
........#... # #.##
.....#....
.######..##
#...#....#
....#<....###.#...#
#........###..B#
##...........#@#.#
#............#K#
##..#...###...##S
.#(.....## #...# .#
.......#####...# #/
.####..........##
## ###### ####
...........####.#
#....# #...
.####....### #.##
##....## #...
###.## #..#
#..#...###...


You could see a kobold brigand, an adder and a giant cockroach.

Vanquished Creatures
  Jessica (D:3)
  A hound skeleton (D:4)
  A gnoll (D:1)
  2 adders
  An adder skeleton (D:3)
  A worm (D:2)
  2 dart slugs
  An orc (D:3)
  5 ball pythons
  3 bats
  5 endoplasms
  A giant cockroach (D:2)
  7 goblins
  5 hobgoblins
  2 quokkas
  7 kobolds
  3 rats
48 creatures vanquished.

Notes
Turn   | Place    | Note
-------+----------+-------------------------------------------
     0 | D:1      | zeram the Octopode Enchanter began the quest for the Orb.
     0 | D:1      | Reached XP level 1. HP: 11/11 MP: 3/3
   255 | D:1      | Reached XP level 2. HP: 17/17 MP: 5/5
   555 | D:1      | Found a faded altar of an unknown god.
   597 | D:1      | Reached XP level 3. HP: 21/21 MP: 6/6
  1084 | D:2      | Reached skill level 5 in Stealth
  1244 | D:2      | Learned a level 2 spell: Ensorcelled Hibernation
  1248 | D:2      | Learned a level 3 spell: Tukima's Dance
  1905 | D:2      | Reached skill level 1 in Shields
  2012 | D:3      | Reached XP level 4. HP: 19/27 MP: 7/7
  2144 | D:3      | Found a shimmering altar of Xom.
  2191 | D:3      | Noticed Jessica
  2203 | D:3      | Killed Jessica
  2321 | D:3      | Found an ornate altar of the Wu Jian Council.
  2321 | D:3      | Found a sacrificial altar of Ru.
  2445 | D:3      | Found a white marble altar of Elyvilon.
  3091 | D:4      | Reached XP level 5. HP: 30/31 MP: 8/8
  3165 | D:4      | Noticed a kobold brigand
  3179 | D:4      | HP: 1/31 [kobold brigand (6)]
  3180 | D:4      | Slain by a giant cockroach

Illustrated notes

Levels and vault maps discovered:
D:1:      mainiacjoe_arrival_reflecting_pool, layout_loops_corners,
          hellmonk_ecumenical_altar_run_dry
D:2:      layout_basic
D:3:      layout_loops_cross, gammafunk_temple_overflow_statue,
          elyvilon_altar_5, xom_teletrap_fun, uniq_jessica
D:4:      layout_layer_cave, makhleb_heckhound_becter,
          gammafunk_temple_overflow_elements, minmay_increasing_density

Skill      XL: |  1  2  3  4 |
---------------+-------------+-----
Stealth        | 5 |  5.0
Shields        | 1 3 |  3.0
Hexes          | 4 |  4.0
Short Blades   | |  1.0
Dodging        | |  2.1
Spellcasting   | |  2.0

Action                   |  1- 3 |  4- 6 || total
-------------------------+-------+-------++-------
Melee: Dagger            |    61 |    54 ||   115
       Constrict         |    12 |    11 ||    23
       Tentacles         |     9 |    13 ||    22
 Cast: Ensorcelled Hiber |       |     1 ||     1
  Use: Scroll            |     1 |     1 ||     2
       Potion            |       |     4 ||     4
 Stab: Sleeping          |    15 |     6 ||    21
Armor: Skin              |     4 |     1 ||     5
Dodge: Dodged            |    31 |    28 ||    59
Block: Buckler           |     1 |     7 ||     8
